Map: Persephone LE

Players

Hupsaiya

  • Race: Protoss Protoss
  • League: Grandmaster
  • Spawn Location: 7:00

Greenert - Winner!

  • Race: Terran Terran
  • League: Grandmaster
  • Spawn Location: 11:00

VOD

Have the link to the VOD?

Description

Time

  • Played on: May 29, 2025, 6 p.m.
  • Length: 5:49
Show
View Real Time Build Order
Export as new Build Order

Hupsaiya Protoss 

Build Orders: 1 Gate Expand, Oracle Opening 

Get SALT Encoding   

  12  0:00  Probe  
  13  0:12  Probe  
  14  0:17  Pylon  
  14  0:24  Probe  
  15  0:33  Probe  
  15  0:37  Gateway  
  15  0:41  Probe  
  16  0:47  Assimilator  
  17  0:51  Probe  
  18  1:03  Probe  
  19  1:15  Probe  
  20  1:24  Cybernetics Core  
  20  1:34  Nexus  
  20  1:41  Pylon  
  20  1:46  Probe  
  21  1:52  Adept  
  21  1:53  Assimilator  
  21  1:58  Probe  
  24  2:10  Probe  
  25  2:20  Stargate  
  25  2:22  Probe  
  26  2:24  Adept  
  26  2:34  Probe  
  26  2:35  Warp Gate  
  29  2:46  Probe  
  30  2:55  Oracle  
  29  2:58  Probe  
  29  3:04  Probe  
  34  3:10  Probe  
  35  3:16  Probe  
  36  3:22  Probe  
  36  3:24  Oracle  
  37  3:29  Probe, Adept  
  43  3:34  Probe  
  43  3:41  Probe  
  45  3:47  Probe  
  46  4:07  Assimilator, Robotics Facility  
  46  4:08  Assimilator  
  46  4:12  Pylon  
  46  4:30  Probe x2  
  48  4:36  Shield Battery  
  48  4:38  Adept  
  50  4:40  Gateway, Probe  
  50  4:42  Pylon, Probe  
  52  4:48  Probe  
  53  4:54  Probe  
  53  4:56  Probe  
  53  4:59  Robotics Bay  
  54  5:01  Pylon  
  54  5:06  Probe  
  60  5:08  Probe  
  61  5:18  Probe  
  61  5:20  Probe  
  63  5:28  Pylon  
  49  5:35  Stalker x2  
Show
View Real Time Build Order
Export as new Build Order

Greenert Terran - Winner!

Build Orders: Reaper Expand 

Get SALT Encoding   

  12  0:00  SCV  
  13  0:12  SCV  
  14  0:17  Supply Depot  
  14  0:24  SCV  
  15  0:38  SCV  
  15  0:40  Barracks  
  16  0:44  Refinery  
  16  0:50  SCV  
  17  1:02  SCV  
  18  1:15  SCV  
  19  1:27  Orbital Command, Reaper  
  20  1:43  Command Center  
  20  1:53  SCV  
  21  1:55  Supply Depot  
  21  2:04  Barracks Reactor  
  21  2:05  SCV  
  22  2:10  Barracks  
  22  2:17  SCV  
  22  2:22  Barracks  
  23  2:30  SCV  
  23  2:33  Bunker  
  24  2:41  Marine x2  
  24  2:44  SCV  
  27  2:56  SCV  
  27  2:58  Barracks Tech Lab  
  28  2:59  Marine  
  28  3:04  Marine  
  28  3:08  SCV, Supply Depot  
  29  3:12  Barracks Tech Lab  
  29  3:18  Marine  
  30  3:20  SCV, Stimpack  
  30  3:24  Marine  
  30  3:26  Orbital Command  
  32  3:31  Combat Shield  
  32  3:32  Marine  
  33  3:35  Marine  
  33  3:40  SCV  
  35  3:41  Marine  
  35  3:46  Marine  
  37  3:50  Marine  
  37  3:55  SCV x2  
  37  3:57  Marine  
  38  4:05  Marine x2  
  38  4:08  SCV  
  41  4:10  Marine  
  41  4:12  SCV  
  41  4:16  Marine, Supply Depot  
  44  4:23  Marine x2  
  44  4:24  SCV  
  47  4:27  SCV  
  47  4:30  Marine  
  49  4:36  SCV  
  50  4:39  SCV, Marine  
  50  4:41  Marine  
  53  4:47  Marine  
  53  4:48  Marine  
  55  4:57  Marine  
  55  4:59  Marine  
  57  5:05  Marine x2  
  56  5:14  Marine  
  56  5:16  Marine  
  54  5:23  Marine  
  54  5:28  Marine  
Tags
 
Add a new tag
Caveats
  • Supply blocks, unpowered buildings, or Contaminate may cause inaccurate times.
  • Supply counts are checked every 10 seconds.